 Dungeon Crawl Stone Soup version 0.21-a0-264-g3e31e41 (console) character file.

2066 removed the Destroyer (level 8, -5/63 HPs)
             Began as a Demigod Conjurer on Sept 8, 2017.
             Slain by a wight
             ... wielding a +0 mace
              (7 damage)
             ... on level 7 of the Dungeon.
             The game lasted 00:12:18 (6541 turns).

removed the Destroyer (Demigod Conjurer)            Turns: 6541, Time: 00:12:19

Health: -5/63      AC:  3    Str: 11    XL:     8   Next: 76%
Magic:  1/20       EV: 12    Int: 27    God:
Gold:   517        SH:  0    Dex: 16    Spells: 12/19 levels left

rFire    . . .     SeeInvis .   b - +4 mace (venom)
rCold    . . .     Gourm    .   (no shield)
rNeg     . . .     Faith    .   f - +0 robe
rPois    .         Spirit   .   H - +0 helmet
rElec    .         Reflect  .   l - scarf {cloud immunity}
rCorr    .         Harm     .   (no gloves)
MR       .....                  (no boots)
Stlth    +++.......             (no amulet)
HPRegen  0.20/turn              J - +4 ring of intelligence
MPRegen  0.17/turn              M - ring of stealth

@: drained
A: high mp 1
a: no special abilities


You were on level 7 of the Dungeon.
You were not hungry.

You visited 1 branch of the dungeon, and saw 7 of its levels.

You collected 517 gold pieces.

Inventory:

Hand Weapons
 b - a +4 mace of venom (weapon)
 E - the +7 longbow "Piercer" {penet, EV-2}
   (You found it on level 4 of the Dungeon)

   Ammo fired by it will pass through the targets it hits, potentially hitting
   all targets in its path until it reaches maximum range.
   It affects your evasion (-2).
 R - a +2 flail of protection
Missiles
 w - 6 steel javelins (quivered)
Armour
 f - a +0 robe (worn)
 l - a scarf of cloud immunity (worn)
 H - a +0 helmet (worn)
Magical Staves
 a - an uncursed staff of conjuration
Jewellery
 I - an uncursed ring of ice
 J - a +4 ring of intelligence (left hand)
 M - a ring of stealth (right hand)
Scrolls
 e - a scroll of enchant weapon {unknown}
 i - 2 scrolls of fear {unknown}
 j - 3 scrolls of recharging {unknown}
 o - a scroll of enchant armour {unknown}
 t - 4 scrolls of teleportation {unknown}
 u - a scroll of random uselessness {unknown}
 y - 2 scrolls of remove curse {unknown}
 P - 2 scrolls of magic mapping {unknown}
Potions
 k - 6 potions of curing
 n - a potion of mutation
 p - a potion of magic
 s - 2 potions of lignification
 C - 2 potions of berserk rage
 D - a potion of might
 L - a potion of brilliance
Books
 A - a book of Conjurations

   Spells                             Type                      Level
   a - Magic Dart                     Conjuration                  1
   b - Searing Ray                    Conjuration                  2
   c - Dazzling Spray                 Conjuration/Hexes            3
   d - Fulminant Prism                Conjuration/Hexes            4
   e - Force Lance                    Conjuration/Translocation    4
   f - Iskenderun's Mystic Blast      Conjuration                  4
 F - a book of Maledictions

   Spells                             Type                      Level
   a - Corona                         Hexes                        1
   b - Ensorcelled Hibernation        Hexes/Ice                    2
   c - Confuse                        Hexes                        3
   d - Tukima's Dance                 Hexes                        3
   e - Dazzling Spray                 Conjuration/Hexes            3
Comestibles
 c - 4 bread rations
 d - 2 fruits
 m - 2 royal jellies
 q - 4 meat rations
 S - a chunk of flesh


   Skills:
 + Level 3.1(2.3) Fighting
 - Level 1.7(1.0) Dodging
 - Level 1.7(1.0) Stealth
 - Level 6.0(5.1) Spellcasting
 - Level 9.1(8.2) Conjurations


You had 12 spell levels left.
You knew the following spells:

 Your Spells              Type           Power        Failure   Level  Hunger
a - Magic Dart            Conj           ####         1%          1    None
b - Searing Ray           Conj           ######       1%          2    None
c - Iskenderun's Mystic   Conj           ######..     2%          4    ###....


Dungeon Overview and Level Annotations

Branches:
Dungeon (7/15)             Temple (0/1) D:7

Annotations:
D:7 Megalobster's ghost, novice SpEn


Innate Abilities, Weirdness & Mutations

You have an increased reservoir of magic. (+10% MP)


Message History

The wight is almost destroyed.
Your +4 mace of venom begins to drip with poison!
b - a +4 mace of venom (weapon)
The wight hits you with a mace.
You barely miss the wight.
The wight is almost destroyed.
The wight misses you.
You closely miss the wight.
The wight is almost destroyed.
The wight barely misses you.
You hit the wight but do no damage.
The wight is almost destroyed.
The wight hits you with a mace!
* * * LOW HITPOINT WARNING * * *
You closely miss the wight.
The wight is almost destroyed.
The wight hits you with a mace!
* * * LOW HITPOINT WARNING * * *
The wight hits you with a mace!
You die...

#........# #........# #........#
######## ##+#### #........#
#......#####
......###........#####......#...#
......'..........'..........'...'
......###........#######'####...#
......############ #.# #...#
>.....'..).†...z@## #.# #...#
......##########..# #.# #...#
..(....# #####.## #.# #...#
.......# #......# #.# #...#
.......# #......# #.# #...#
...z...# #......# #.# #....
.[.....# #......# #.# #####
.......# #......# #.# # .......#
#......## #.# #


You could see a wight.

Vanquished Creatures
  Prince Ribbit (D:7)
  An orc warrior (D:6)
  A phantom (D:6)
  An ogre (D:5)
  4 centaurs
  4 bullfrogs
  3 scorpions
  4 wights (D:7)
  2 howler monkeys (D:4)
  A crimson imp (D:7)
  A jelly (D:7)
  An orc priest (D:6)
  3 hounds
  2 iguanas
  8 worker ants
  A hound zombie (D:6)
  2 hound skeletons
  Robin (D:4)
  6 adders
  3 oozes
  An adder zombie (D:6)
  5 worms
  2 dart slugs
  3 leopard geckos
  20 orcs
  A ball python (D:2)
  A giant cockroach (D:1)
  10 goblins
  9 hobgoblins
  7 jackals
  3 quokkas
  2 bats
  3 frilled lizards
  2 kobolds (D:3)
  5 rats
124 creatures vanquished.

Notes
Turn   | Place    | Note
-------+----------+-------------------------------------------
     0 | D:1      | removed the Demigod Conjurer began the quest for the Orb.
     0 | D:1      | Reached XP level 1. HP: 14/14 MP: 5/5
   213 | D:1      | Reached skill level 4 in Conjurations
   396 | D:1      | Reached XP level 2. HP: 20/20 MP: 2/7
  1032 | D:2      | Reached XP level 3. HP: 26/26 MP: 3/8
  1219 | D:2      | Learned a level 2 spell: Searing Ray
  1414 | D:3      | Noticed a bullfrog
  1419 | D:3      | Killed a bullfrog
  1419 | D:3      | Reached skill level 5 in Conjurations
  1419 | D:3      | Reached XP level 4. HP: 31/33 MP: 3/9
  2014 | D:3      | Reached skill level 6 in Conjurations
  2014 | D:3      | Reached XP level 5. HP: 38/38 MP: 2/10
  2605 | D:4      | Reached XP level 6. HP: 45/45 MP: 2/14
  2769 | D:4      | Found the +7 longbow "Piercer" {penet, EV-2}
  2863 | D:4      | Noticed Robin
  2901 | D:4      | Killed Robin
  3185 | D:5      | Entered Level 5 of the Dungeon
  3523 | D:5      | Reached XP level 7. HP: 46/50 MP: 9/17
  3671 | D:5      | Reached skill level 7 in Conjurations
  3726 | D:5      | Learned a level 4 spell: Iskenderun's Mystic Blast
  4455 | D:6      | Reached skill level 8 in Conjurations
  4742 | D:6      | Reached skill level 5 in Spellcasting
  4787 | D:6      | Reached XP level 8. HP: 55/57 MP: 6/19
  5579 | D:7      | Noticed Megalobster's ghost (novice SpEn)
  5841 | D:7      | Reached skill level 9 in Conjurations
  5890 | D:7      | Noticed Prince Ribbit
  5899 | D:7      | Killed Prince Ribbit
  6163 | D:7      | Found a staircase to the Ecumenical Temple.
  6452 | D:7      | Reached skill level 1 in Fighting
  6541 | D:7      | HP: 2/63 [wight/mace (8)]
  6541 | D:7      | Slain by a wight

Vault maps used:
D:1:      onia_arrival_pyramid
D:4:      first_bread, kennysheep_cross_bottleneck, uniq_robin
D:5:      minmay_misc_feat_doors
D:7:      kennysheep_mini, minmay_temple_entry_large_hall, uniq_prince_ribbit1,
          uniq_menkaure

Skill      XL: |  1  2  3  4  5  6  7  8 |
---------------+-------------------------+-----
Conjurations   | 4 5 6 8 9 |  9.1
Spellcasting   | 3 4 5 6 |  6.0
Fighting       | 3 |  3.1
Dodging        | |  1.7
Stealth        | |  1.7

Action                   |  1- 3 |  4- 6 |  7- 9 || total
-------------------------+-------+-------+-------++-------
Melee: Mace              |     5 |    13 |    15 ||    33
 Cast: Magic Dart        |    64 |   110 |   101 ||   275
       Searing Ray       |       |     7 |    16 ||    23
       Iskenderun's Myst |       |       |    10 ||    10
  Use: Scroll            |       |     6 |     2 ||     8
  Eat: Chunk             |     2 |     8 |     9 ||    19
       Fruit             |       |       |     1 ||     1
Armor: Robe              |       |     4 |     6 ||    10
Dodge: Dodged            |     3 |    15 |    46 ||    64

Table legend:
 A = Spawn XP
 B = Non-spawn XP
 C = Spawn XP percentage of total XP
 D = Spawn monster count
 E = Non-spawn monster count
 F = Spawn count percentage of total count
 G = Total turns spent on level
                    A         B        C        D         E        F      G
               +---------+---------+-------+---------+---------+-------+---------
         Total |       0 |    2952 |   0.0 |       0 |     124 |   0.0 |  6541
               +---------+---------+-------+---------+---------+-------+---------
           D:1 |       0 |      39 |   0.0 |       0 |      15 |   0.0 |   918
           D:2 |       0 |      32 |   0.0 |       0 |       8 |   0.0 |   447
           D:3 |       0 |     215 |   0.0 |       0 |      29 |   0.0 |  1126
           D:4 |       0 |     267 |   0.0 |       0 |      25 |   0.0 |   694
           D:5 |       0 |     720 |   0.0 |       0 |      14 |   0.0 |  1119
           D:6 |       0 |     536 |   0.0 |       0 |      15 |   0.0 |  1279
           D:7 |       0 |    1143 |   0.0 |       0 |      18 |   0.0 |   958
               +---------+---------+-------+---------+---------+-------+---------
